 Dungeon Sprint DCSS version 0.29-a0-384-g6960b1960d (webtiles) character file.

Game seed: 3901848607334428128

40123 mhtbhm the Minotaur Blade (level 13, -3/154 HPs)
             Began as a Minotaur Berserker on May 7, 2022.
             Was a High Priest of Trog.
             Slain by an orc knight
             ... wielding a +0 bardiche
              (42 damage)
             ... in the Dungeon (Sprint VII: "The Pits").
             The game lasted 00:09:22 (5986 turns).

mhtbhm the Minotaur Blade (Minotaur Berserker)      Turns: 5986, Time: 00:09:23

Health: -3/154     AC: 18    Str: 27    XL:     13   Next: 72%
Magic:  12/12      EV: 18    Int:  4    God:    Trog [*****.]
Gold:   72         SH:  5    Dex: 10    Spells: 12/12 levels left

rFire   . . .      SeeInvis .   a - +3 great sword of the Desert {vorpal, rPois}
rCold   . . .      Faith    .   (shield currently unavailable)
rNeg    . . .      Spirit   .   b - +2 scale mail {Will+}
rPois   +          Reflect  +   (helmet restricted)
rElec   .          Harm     .   B - +0 cloak
rCorr   .          Rampage  .   (no gloves)
Will    +++..      NoTele   +   (no boots)
Stlth   ++........              D - amulet of reflection
HPRegen 1.35/turn               x - +4 ring of evasion
MPRegen 0.13/turn               m - +3 ring of protection

@: strong-willed, regenerating, invisible (expiring)
A: horns 2, retaliatory headbutt
a: Renounce Religion, Berserk, Trog's Hand, Brothers in Arms


You were in the Dungeon.
You worshipped Trog.
Trog was extremely pleased with you.
You visited 1 branch You collected 72 gold pieces.

Inventory:

Hand Weapons
 a - the +3 great sword of the Desert (weapon) {vorpal, rPois}
   (Trog gifted it to you in the Dungeon)

   It inflicts extra damage upon your enemies.
   rPois:     It protects you from poison.
 l - a +5 falchion of freezing
 o - a +2 scimitar of flaming
 p - a +6 vorpal great sword
 q - a +7 great sword of flaming
Armour
 b - a +2 scale mail of willpower (worn)
 B - a +0 cloak (worn)
Jewellery
 m - a +3 ring of protection (right hand)
 x - a +4 ring of evasion (left hand)
 y - a ring of ice
 A - a ring of see invisible
 D - an amulet of reflection (around neck)
 E - a ring of protection from cold
Wands
 n - a wand of iceblast (11)
 F - a wand of flame (20)
Scrolls
 h - a scroll of blinking
 j - a scroll of summoning
 r - 5 scrolls of identify
 s - a scroll of fog
 t - 2 scrolls of enchant armour
 u - 4 scrolls of enchant weapon
 v - 2 scrolls of fear
 z - a scroll of immolation
Potions
 c - 15 potions of curing
 d - 7 potions of heal wounds
 e - a potion of haste
 f - 4 potions of magic
 g - 4 potions of berserk rage
 i - a potion of invisibility
 k - 3 potions of mutation
 w - a potion of might
Miscellaneous
 C - a lightning rod (4/4)
 G - a tin of tremorstones (2/2)
 H - a phantom mirror


   Skills:
 + Level 25.0 Fighting
 + Level 26.1 Long Blades
 + Level 20.4 Armour
 + Level 11.4 Dodging
 + Level 6.2 Stealth
 + Level 4.9 Shields
 + Level 3.9 Evocations


You had 12 spell levels left.
You didn't know any spells.
Your spell library was empty.

Dungeon Overview and Level Annotations

Branches:
Dungeon (1/1)

Altars:
Cheibriados
Dithmenos
Elyvilon
Fedhas
Gozag
Hepliaklqana
Makhleb
Nemelex Xobeh
Okawaru
Qazlal
Ru
Sif Muna
Trog
Wu Jian
Xom
Yredelemnul
Zin
The Shining One
Jiyva


Innate Abilities, Weirdness & Mutations

You have a pair of horns on your head.
You reflexively headbutt those who attack you in melee.


Message History

Unknown command.
The orc knight hits you with a +0 halberd!
* * * LOW HITPOINT WARNING * * *
Your troll bites the orc knight!!
Your troll misses the orc knight.
Your troll claws the orc knight.
Unknown command.
You strike the helpless orc knight from behind!
You slice the orc knight like a ripe choko!!!
You kill the orc knight!
Trog accepts your kill. Trog grants you a weapon!
Something appears at your feet!
You see here a +3 battleaxe of flaming.
Your troll bites the orc knight!
Your troll claws the orc knight!
Your troll closely misses the orc knight.
The orc knight hits you with a +0 battleaxe!!
* * * LOW HITPOINT WARNING * * *
The orc knight hits your troll with a +0 battleaxe!!
Your troll dies!
Your troll's corpse disappears in a puff of smoke!
Your Fighting skill increases to level 25!
Unknown command.
You feel much better. The orc knight misses you. You furiously retaliate!
You headbutt the orc knight! The orc knight misses you.
You block the orc knight's attack.
Unknown command.
Unknown command.
Press: ? - help, v - describe, . - travel, g - get item
Here: an orc knight, wielding a +0 long sword and wearing a +0 chain mail (lightly wounded, strong, can't see you)
Items here: ))) [[ †.
The floor, spattered with blood.
You hit the orc knight but do no damage.
Your headbutt misses the orc knight.
The orc knight is heavily wounded.
You flicker for a moment.
The orc knight hits you with a +0 battleaxe!!
* * * LOW HITPOINT WARNING * * *
The orc knight closely misses you.
You feel much better.
The orc knight hits you from afar with a +0 bardiche!!!
You die...

############################+#
..............oo.............#
)..............o@............#
###########''##############..#
#.)))†...# #..# #..))....#
#..# ####o.#### #..# .....
#..# ...... #..# o.....# #..#
##..#### #..#


You could see 3 orc knights.

Vanquished Creatures
  Rupert (D)
  A nagaraja (D)
  An orc warlord (D)
  A balrug (D)
  A red draconian (D)
  A black draconian (D)
  A green death (D)
  A rakshasa (D)
  3 two-headed ogres (D)
  7 death yaks (D)
  7 hell hogs (D)
  An orc high priest (D)
  A sixfirhy (D)
  A sea snake (D)
  A flayed ghost (D)
  2 shadow wraiths (D)
  A deep troll (D)
  2 orc knights (D)
  A deep elf zephyrmancer (D)
  An ugly thing (D)
  An orc sorcerer (D)
  Maurice (D)
  An elephant (D)
  An eye of devastation (D)
  A guardian serpent (D)
  A merfolk siren (D)
  A rust devil (D)
  A demonic crawler (D)
  A freezing wraith (D)
  6 ice devils (D)
  A red devil (D)
  A tyrant leech (D)
  5 hornets (D)
  A large abomination (D)
  A tarantella (D)
  6 blink frogs (D)
  Sigmund (D)
  2 spriggans (D)
  A shadow (D)
  A ynoxinul (D)
  A water elemental (D)
  An air elemental (D)
  A wyvern (D)
  2 fire bats (D)
  2 wraiths (D)
  A fire elemental (D)
  A basilisk (D)
  Edmund (D)
  A steam dragon (D)
  A vampire mosquito (D)
  A warg (D)
  A redback (D)
  An acid dragon (D)
  A swamp drake (D)
  6 orc warriors (D)
  2 centaurs (D)
  2 ogres (D)
  A phantom (D)
  A bullfrog (D)
  An earth elemental (D)
  A scorpion (D)
  9 wights (D)
  5 killer bees (D)
  3 orc priests (D)
  A jelly (D)
  An iguana (D)
  An orc wizard (D)
  Terence (D)
  2 river rats (D)
  2 ufetubi (D)
  An adder zombie (D)
  An adder simulacrum (D)
  4 orcs (D)
  An endoplasm (D)
  2 giant cockroaches (D)
  2 hobgoblins (D)
  2 quokkas (D)
  A ball python skeleton (D)
  A bat (D)
  A frilled lizard (D)
  2 rats (D)
144 creatures vanquished.

Vanquished Creatures (collateral kills)
  An orc warlord (D)
  A shadow wraith (D)
  3 orc knights (D)
  6 elephants (D)
  2 blink frogs (D)
13 creatures vanquished.

Vanquished Creatures (others)
  Polyphemus (D)
  A quokka skeleton (D)
2 creatures vanquished.

Grand Total: 159 creatures vanquished

Notes
Turn   | Place    | Note
-------+----------+-------------------------------------------
     0 | D        | mhtbhm the Minotaur Berserker began the quest for the Orb.
     0 | D        | Reached XP level 1. HP: 19/19 MP: 0/0
    20 | D        | Reached skill level 4 in Long Blades
    20 | D        | Reached XP level 2. HP: 22/28 MP: 1/1
   123 | D        | Reached ** piety under Trog
   124 | D        | Reached skill level 5 in Fighting
   132 | D        | Reached skill level 5 in Long Blades
   345 | D        | Reached *** piety under Trog
   446 | D        | Noticed a scorpion
   452 | D        | Killed a scorpion
   453 | D        | Reached skill level 6 in Long Blades
   453 | D        | Reached XP level 3. HP: 26/39 MP: 2/2
   453 | D        | Reached XP level 4. HP: 31/47 MP: 3/3
   575 | D        | Found a bloodstained altar of Trog.
   575 | D        | Found a shimmering blue altar of Sif Muna.
   575 | D        | Found a viscous altar of Jiyva.
   575 | D        | Found a hazy altar of Hepliaklqana.
   575 | D        | Found an opulent altar of Gozag.
   597 | D        | Noticed Terence
   597 | D        | Noticed a centaur
   598 | D        | Noticed Edmund
   609 | D        | Killed Edmund
   610 | D        | Reached skill level 8 in Long Blades
   610 | D        | Reached skill level 5 in Dodging
   610 | D        | Reached XP level 5. HP: 57/57 MP: 4/4
   612 | D        | Killed a centaur
   613 | D        | Reached skill level 9 in Long Blades
   613 | D        | Reached skill level 5 in Armour
   613 | D        | Reached skill level 1 in Stealth
   613 | D        | Reached XP level 6. HP: 66/66 MP: 5/5
   617 | D        | Killed Terence
   617 | D        | Reached **** piety under Trog
   618 | D        | Reached skill level 10 in Fighting
   626 | D        | Reached skill level 10 in Long Blades
   766 | D        | Noticed a warg
   781 | D        | Killed a warg
   820 | D        | Noticed a vampire mosquito
   826 | D        | Killed a vampire mosquito
   826 | D        | Reached ***** piety under Trog
   827 | D        | Reached skill level 11 in Long Blades
   827 | D        | Reached XP level 7. HP: 74/74 MP: 6/6
   829 | D        | Noticed a fire bat
   829 | D        | Noticed Sigmund
   849 | D        | Reached skill level 12 in Long Blades
   852 | D        | Received a gift from Trog
   855 | D        | Killed a fire bat
   868 | D        | Killed Sigmund
  1004 | D        | Noticed a hornet
  1009 | D        | Reached skill level 13 in Long Blades
  1009 | D        | Reached XP level 8. HP: 85/85 MP: 7/7
  1012 | D        | Killed a hornet
  1018 | D        | Reached skill level 14 in Long Blades
  1021 | D        | Received a gift from Trog
  1206 | D        | Found a glowing golden altar of the Shining One.
  1206 | D        | Found a glowing silver altar of Zin.
  1206 | D        | Found a basalt altar of Yredelemnul.
  1206 | D        | Found a shimmering altar of Xom.
  1206 | D        | Found an ornate altar of the Wu Jian Council.
  1206 | D        | Found a sacrificial altar of Ru.
  1206 | D        | Found a stormy altar of Qazlal.
  1206 | D        | Found an iron altar of Okawaru.
  1206 | D        | Found a sparkling altar of Nemelex Xobeh.
  1206 | D        | Found a burning altar of Makhleb.
  1206 | D        | Found a blossoming altar of Fedhas.
  1206 | D        | Found a white marble altar of Elyvilon.
  1206 | D        | Found a shadowy altar of Dithmenos.
  1206 | D        | Found a snail-covered altar of Cheibriados.
  1228 | D        | Noticed an elephant
  1238 | D        | Killed an elephant
  1239 | D        | Reached skill level 15 in Long Blades
  1240 | D        | Reached XP level 9. HP: 92/94 MP: 8/8
  1246 | D        | Reached ****** piety under Trog
  1250 | D        | Received a gift from Trog
  1526 | D        | Reached skill level 16 in Long Blades
  1528 | D        | Received a gift from Trog
  1680 | D        | Noticed a freezing wraith
  1683 | D        | Noticed an ice devil
  1688 | D        | Killed a freezing wraith
  1689 | D        | Reached skill level 10 in Armour
  1692 | D        | Killed an ice devil
  1693 | D        | Reached skill level 17 in Long Blades
  1944 | D        | Noticed an ice devil
  1948 | D        | Killed an ice devil
  1949 | D        | Reached skill level 15 in Fighting
  2085 | D        | Noticed an orc sorcerer
  2094 | D        | Killed an orc sorcerer
  2095 | D        | Reached skill level 18 in Long Blades
  2095 | D        | Reached XP level 10. HP: 88/106 MP: 9/9
  2167 | D        | Noticed a merfolk siren
  2171 | D        | Killed a merfolk siren
  2179 | D        | Received a gift from Trog
  2180 | D        | Reached skill level 19 in Long Blades
  2552 | D        | Identified the +3 great sword of the Desert {vorpal, rPois}
                  | (Trog gifted it to you in the Dungeon)
  2552 | D        | Received a gift from Trog
  2574 | D        | Reached skill level 20 in Long Blades
  2589 | D        | Received a gift from Trog
  2822 | D        | Killed a shadow wraith
  2823 | D        | Reached XP level 11. HP: 45/117 MP: 10/10
  2832 | D        | Reached skill level 21 in Long Blades
  2832 | D        | Reached skill level 10 in Dodging
  3087 | D        | Noticed a sea snake
  3091 | D        | Noticed an orc high priest
  3096 | D        | Killed an orc high priest
  3103 | D        | Noticed a spriggan rider
  3108 | D        | Killed a sea snake
  3108 | D        | Received a gift from Trog
  3123 | D        | Received a gift from Trog
  3550 | D        | Noticed a deep elf zephyrmancer
  3555 | D        | Killed a deep elf zephyrmancer
  3573 | D        | Reached skill level 22 in Long Blades
  3782 | D        | Noticed a nagaraja
  3782 | D        | Noticed Maurice
  3788 | D        | Killed Maurice
  3788 | D        | Received a gift from Trog
  3789 | D        | Reached skill level 15 in Armour
  3793 | D        | Killed a nagaraja
  3795 | D        | Killed a shadow wraith
  3869 | D        | Noticed a two-headed ogre
  3870 | D        | Noticed a red ugly thing
  3874 | D        | Killed a two-headed ogre
  3880 | D        | Killed a red ugly thing
  4022 | D        | Received a gift from Trog
  4028 | D        | Killed a shadow wraith
  4039 | D        | Noticed a sixfirhy
  4050 | D        | Killed a sixfirhy
  4051 | D        | Reached XP level 12. HP: 81/132 MP: 11/11
  4327 | D        | Noticed a green death
  4327 | D        | Noticed a red draconian
  4327 | D        | Noticed a black draconian
  4334 | D        | Killed a green death
  4335 | D        | Reached skill level 23 in Long Blades
  4344 | D        | Killed a black draconian
  4354 | D        | Killed a red draconian
  4354 | D        | Received a gift from Trog
  4693 | D        | Noticed a death yak
  4699 | D        | Noticed a hell hog
  4700 | D        | Killed a death yak
  4704 | D        | Reached skill level 1 in Evocations
  4707 | D        | Killed a hell hog
  4707 | D        | Received a gift from Trog
  4740 | D        | Noticed a two-headed ogre
  4754 | D        | Killed a two-headed ogre
  4754 | D        | Noticed a hell hog
  4757 | D        | Killed a hell hog
  4764 | D        | Received a gift from Trog
  4981 | D        | Noticed a death yak
  4991 | D        | Noticed a hell hog
  4994 | D        | Killed a death yak
  4995 | D        | Reached skill level 24 in Long Blades
  4998 | D        | Killed a hell hog
  5008 | D        | Noticed a death yak
  5009 | D        | Noticed a death yak
  5206 | D        | Noticed a death yak
  5208 | D        | Killed a death yak
  5220 | D        | Killed a death yak
  5220 | D        | Received a gift from Trog
  5220 | D        | Noticed a death yak
  5221 | D        | Reached skill level 1 in Shields
  5222 | D        | Killed a death yak
  5225 | D        | Killed a death yak
  5226 | D        | Reached XP level 13. HP: 144/147 MP: 12/12
  5271 | D        | Noticed Polyphemus
  5276 | D        | Noticed a balrug
  5279 | D        | Killed Polyphemus
  5282 | D        | Killed a balrug
  5366 | D        | Received a gift from Trog
  5367 | D        | Reached skill level 25 in Long Blades
  5946 | D        | Noticed Rupert
  5946 | D        | Noticed an orc warlord
  5946 | D        | Noticed an orc warlord
  5955 | D        | Killed Rupert
  5955 | D        | Received a gift from Trog
  5962 | D        | Reached skill level 5 in Stealth
  5962 | D        | Killed an orc warlord
  5964 | D        | Reached skill level 26 in Long Blades
  5979 | D        | Killed an orc warlord
  5983 | D        | Received a gift from Trog
  5986 | D        | Slain by an orc knight

Illustrated notes

Levels and vault maps discovered:
D:        pitsprint [storerooms_1, entrance_room_1, metal_vault_8, armoury_2,
          mini_pit_1, grid_room_1, main_hall_1, silver_pit, the_coven_2,
          the_vestibule_1, steel_vault_2, golden_pit, hallway_of_sentries,
          crystal_vault_6, iron_vault_4, final_vault]

Skill      XL: |  1  2  3  4  5  6  7  8  9 10 11 12 13 |
---------------+----------------------------------------+-----
Fighting       | 4 7 9 11 12 13 15 17 19 22 25 | 25.0
Long Blades    | 4 6 8 9 11 13 15 18 20 22 24 26 | 26.1
Armour         | 3 4 5 6 7 9 11 13 16 19 20 | 20.4
Dodging        | 4 5 6 7 8 9 10 11 | 11.4
Stealth        | 1 2 3 6 |  6.2
Evocations     | 2 3 |  3.9
Shields        | 1 4 |  4.9

Action                   |  1- 3 |  4- 6 |  7- 9 | 10-12 | 13-15 || total
-------------------------+-------+-------+-------+-------+-------++-------
Melee: Falchion          |    26 |    45 |    31 |       |       ||   102
       Headbutt          |     3 |     9 |    19 |    64 |    19 ||   114
       Great sword       |       |       |    73 |   260 |    70 ||   403
Invok: Berserk           |       |     1 |     2 |     5 |     3 ||    11
       Brothers in Arms  |       |       |       |     1 |     5 ||     6
       Trog's Hand       |       |       |       |       |     1 ||     1
Evoke: Lightning rod     |       |       |       |     5 |       ||     5
       Wand              |       |       |       |     1 |       ||     1
  Use: Potion            |       |       |     1 |     5 |     5 ||    11
       Scroll            |       |       |       |       |     1 ||     1
 Stab: Confused          |       |       |       |     1 |       ||     1
       Invisible         |       |       |       |       |    10 ||    10
Armor: Animal skin       |     7 |       |       |       |       ||     7
       Scale mail        |       |     9 |     4 |    14 |    10 ||    37
       Chain mail        |       |       |    31 |    94 |       ||   125
Dodge: Dodged            |    28 |    23 |    49 |   122 |    45 ||   267
Block: Other             |       |       |       |     7 |    11 ||    18

Table legend: (Time is in decaauts)
 A = Elapsed time spent in this place.
 B = Non-inter-level travel time spent in this place.
 C = Inter-level travel time spent in this place.
 D = Time resting spent in this place.
 E = Time spent auto-exploring this place.
 F = Levels seen in this place.
 G = Mean time per level.
                   A        B        C        D        E       F      G
               +--------+--------+--------+--------+--------+-----+--------+
         Total |   5955 |   5955 |      0 |   4374 |    203 |   1 | 5955.0 |
       Dungeon |   5955 |   5955 |      0 |   4374 |    203 |   1 | 5955.0 |
               +--------+--------+--------+--------+--------+-----+--------+

Top non-repeatable levels by time:
       D: 5955 daAuts
